AoeStats
← 嚯嚯嚯嚯

Arena

510057570Analyzed
4v4 RM · 2d ago on Sep 29, 2026· 67m 37s· 8 players
Game mode
Random Map
Map size
Large (8 player)
Population
200
Speed
Normal
Resources
Standard
Victory
Conquest
Starting age
Dark Age
Ending age
Imperial Age
RankedLock teamsTeams togetherTeam positionsShared explorationLock speedFull tech treeHidden civsTurbo modeCheats
Victory
Defeat
🇵🇰 Varangians · Pakistan
1763
+9
🇦🇷 Mongols · Argentina
1576
+16
🇦🇷 Britons · Argentina
1574
+16
🇻🇳 Khmer · Vietnam
1554
+16
🇨🇳 Turks · China
1655
-18
🇸🇬 Teutons · Singapore
1613
-16
🇹🇼 Saxons · Taiwan
1532
-12
🇨🇳 Varangians · China
1502
-11
timembh
9:42 Feudal Age
12:28 Castle Age
11:25 Double-Bit Axe
11:22 Horse Collar
17:49 Loom
22:00 Wheelbarrow
22:44 Bow Saw
23:02 Gold Mining
28:22 Imperial Age
27:53 Scale Barding Armor
29:05 Bloodlines
29:16 Chain Barding Armor
29:34 Heavy Scorpion
32:08 Chemistry
31:52 Forging
33:15 Conscription
35:36 Ballistics
34:50 Light Cavalry
35:45 Husbandry
35:29 Capped Ram
38:45 Siege Engineers
39:28 Double Crossbow
44:04 Hussar
47:27 Heavy Plow
60:07 Hand Cart
59:37 Town Watch
67:50 Coinage
嚯嚯嚯嚯
10:02 Feudal Age
11:30 Double-Bit Axe
14:21 Castle Age
12:06 Horse Collar
23:23 Bow Saw
23:25 Heavy Plow
24:44 Wheelbarrow
24:34 Stone Mining
24:38 Gold Mining
28:22 Imperial Age
26:19 Hand Cart
26:06 Fletching
27:23 Gold Shaft Mining
27:05 Bodkin Arrow
27:49 Loom
28:37 Padded Archer Armor
29:16 Ballistics
29:11 Bracer
30:12 Chemistry
29:04 Elite Mangudai
30:16 Leather Archer Armor
30:07 Husbandry
31:02 Parthian Tactics
30:43 Thumb Ring
31:56 Conscription
32:06 Bloodlines
32:37 Masonry
34:42 Capped Ram
35:39 Scale Mail Armor
35:50 Forging
35:46 Scale Barding Armor
35:52 Siege Ram
37:23 Drill
37:40 Onager
39:27 Siege Engineers
38:53 Light Cavalry
39:57 Hussar
43:45 Chain Barding Armor
48:23 Coinage
48:37 Iron Casting
48:10 Caravan
49:49 Banking
51:52 Blast Furnace
54:04 Hoardings
Mubeen
10:34 Feudal Age
14:01 Castle Age
12:06 Double-Bit Axe
12:33 Horse Collar
16:06 Bow Saw
19:36 Light Cavalry
21:33 Stone Mining
22:24 Wheelbarrow
21:34 Loom
22:53 Heavy Plow
28:10 Imperial Age
25:58 Hand Cart
25:28 Town Watch
26:16 Bloodlines
26:07 Husbandry
26:31 Scale Barding Armor
27:17 Forging
27:33 Chain Barding Armor
27:03 Treadmill Crane
27:39 Forging
28:15 Elite Jarl
30:00 Conscription
30:58 Iron Casting
31:04 Plate Barding Armor
31:49 Iron Casting
34:43 Blast Furnace
35:54 Masonry
36:47 Fletching
37:29 Architecture
38:23 Bodkin Arrow
42:32 Siege Engineers
45:01 Ballistics
44:43 Bracer
48:31 Caravan
54:06 Padded Archer Armor
54:46 Elite Skirmisher
57:18 Leather Archer Armor
63:47 Scale Mail Armor
64:34 Squires
64:34 Pikeman
65:42 Chain Mail Armor
风骚的女农民
10:29 Feudal Age
14:37 Castle Age
13:14 Horse Collar
14:46 Double-Bit Axe
15:30 Loom
16:07 Fletching
17:46 Bodkin Arrow
20:19 Padded Archer Armor
21:53 Bow Saw
22:58 Wheelbarrow
27:58 Imperial Age
27:22 Ballistics
27:48 Masonry
27:33 Gold Mining
28:38 Bracer
29:46 Chemistry
33:36 Crossbowman
37:49 Arbalester
58:54 Pikeman
59:35 Squires
60:38 Hand Cart
62:36 Elite Skirmisher
64:58 Scale Mail Armor
65:08 Forging
66:11 Chain Mail Armor
thetoastaoe
10:25 Feudal Age
11:36 Horse Collar
11:47 Double-Bit Axe
14:25 Castle Age
15:35 Bow Saw
15:28 Heavy Plow
22:00 Wheelbarrow
24:13 Hand Cart
24:05 Gold Mining
28:33 Imperial Age
25:49 Loom
25:50 Town Watch
26:22 Scale Mail Armor
26:32 Forging
26:36 Treadmill Crane
27:51 Chain Mail Armor
27:47 Squires
27:34 Arson
29:13 Iron Casting
28:35 Gambesons
28:45 Elite Varangian Guard
30:02 Plate Mail Armor
31:39 Crop Rotation
31:08 Stone Mining
31:58 Gold Shaft Mining
32:04 Conscription
31:10 Shield Wall
31:45 Pikeman
33:21 Fletching
34:19 Hoardings
34:34 Bodkin Arrow
35:48 Elite Hearth Troop
43:39 Halberdier
47:20 Caravan
47:51 Coinage
49:28 Scale Barding Armor
49:36 Light Cavalry
50:27 Bloodlines
50:17 Husbandry
50:16 Hussar
51:32 Chain Barding Armor
53:13 Two-Man Saw
Mr.Robin
10:05 Feudal Age
13:41 Castle Age
11:27 Double-Bit Axe
11:54 Horse Collar
14:45 Bow Saw
16:06 Wheelbarrow
16:23 Loom
21:54 Heavy Plow
24:05 Hand Cart
24:05 Town Watch
25:28 Gold Mining
28:50 Imperial Age
26:25 Squires
26:26 Scale Mail Armor
26:37 Forging
26:48 Pikeman
28:13 Chain Mail Armor
28:33 Iron Casting
29:30 Halberdier
30:00 Cavalier
30:51 Bloodlines
30:47 Scale Barding Armor
30:46 Husbandry
30:50 Capped Ram
31:54 Chain Barding Armor
32:35 Blast Furnace
31:47 Stone Mining
34:52 Plate Barding Armor
36:50 Gothikon
39:22 Conscription
40:34 Town Patrol
50:23 Caravan
58:48 Light Cavalry
67:18 Fletching
NW
12:01 Feudal Age
15:43 Castle Age
13:47 Double-Bit Axe
13:43 Horse Collar
17:08 Stone Mining
17:21 Gold Mining
18:23 Forging
22:09 Padded Archer Armor
26:32 Imperial Age
29:09 Loom
34:30 Leather Archer Armor
36:19 Wheelbarrow
36:21 Conscription
35:33 Elite Janissary
37:30 Hand Cart
39:13 Artillery
44:06 Ring Archer Armor
48:24 Fletching
49:50 Scale Barding Armor
50:11 Bombard Tower
49:49 Bodkin Arrow
49:37 Heavy Cavalry Archer
50:43 Parthian Tactics
51:10 Ballistics
51:35 Bracer
51:38 Husbandry
52:03 Chain Barding Armor
51:59 Bloodlines
53:51 Plate Barding Armor
53:27 Forging
54:48 Sipahi
54:36 Thumb Ring
55:51 Capped Ram
59:40 Siege Ram
61:20 Caravan
62:34 Iron Casting
66:48 Heavy Plow
66:35 Town Watch
Arietta Fine
10:56 Feudal Age
14:32 Castle Age
12:28 Double-Bit Axe
12:30 Horse Collar
15:20 Heavy Plow
15:34 Bow Saw
19:42 Wheelbarrow
20:11 Gold Mining
21:34 Hand Cart
22:21 Hand Cart
23:18 Scale Barding Armor
23:24 Forging
24:22 Chain Barding Armor
25:03 Bloodlines
30:01 Imperial Age
27:17 Loom
29:54 Stone Mining
30:57 Iron Casting
30:13 Cavalier
31:29 Plate Barding Armor
32:58 Blast Furnace
31:35 Paladin
33:35 Fletching
34:31 Coinage
35:02 Crop Rotation
35:33 Two-Man Saw
35:45 Bodkin Arrow
36:15 Conscription
37:13 Crenellations
37:31 Ballistics
38:11 Chemistry
37:51 Scale Mail Armor
38:53 Banking
40:06 Hoardings
39:48 Chain Mail Armor
39:42 Siege Engineers
42:22 Caravan
42:59 Plate Mail Armor
43:18 Ironclad
43:50 Fortified Wall
51:02 Pikeman
51:42 Squires
51:28 Arson
54:43 Halberdier
61:33 Masonry
Connection lost

Rejoining the realm…

Still unreachable

The connection could not be restored.

Session expired

The server has moved on; the page needs a fresh start.